 Dungeon Crawl Stone Soup version 0.30-a0-223-gcb0039aa0c (webtiles) character file.

Game seed: 723497532440973438

50 qw the Chopper (level 3, -5/23 HPs)
             Began as a Gargoyle Fighter on Oct 9, 2022.
             Killed from afar by a white imp (7 damage)
             ... with a puff of frost
             ... summoned by Natasha
             ... on level 2 of the Dungeon.
             The game lasted 00:00:36 (1134 turns).

qw the Chopper (Gargoyle Fighter)                   Turns: 1134, Time: 00:00:36

Health: -5/23      AC: 11    Str: 21    XL:     3   Next: 79%
Magic:  3/3        EV:  9    Int:  8    God:
Gold:   52         SH:  4    Dex:  9    Spells: 2/2 levels left

rFire   . . .      SeeInvis +    Y - +2 war axe
rCold   . . .      Faith    .    c - +0 buckler
rNeg    + + .      Spirit   .    b - +0 scale mail
rPois   inf        Reflect  .    a - +0 helmet "Yweath" {rN+ SInv}
rElec   +          Harm     .    (no cloak)
rCorr   .          Rampage  .    (no gloves)
Will    .....                    (no boots)
Stlth   ..........               (no amulet)
HPRegen 0.23/turn                (no ring)
MPRegen 0.08/turn                (no ring)

@: no status effects
A: sickness immunity, AC +3, negative energy resistance 1, electricity
resistance, torment resistance 1, petrification resistance
a: no special abilities


You were on level 2 of the Dungeon.
You visited 1 branch of the dungeon, and saw 2 of its levels.

You collected 52 gold pieces.


Innate Abilities, Weirdness & Mutations

You are immune to sickness and miasma.
Your stone body is resilient. (AC +3)
You are immune to poison.
You resist negative energy. (rN+)
You are resistant to electric shocks. (rElec)
You are resistant to unholy torment.
You are immune to petrification.


   Skills:
 - Level 3.2 Fighting
 + Level 3.6 Axes
 - Level 3.2 Armour
 - Level 3.2 Shields


You had 2 spell levels left.
You didn't know any spells.
Your spell library was empty.

Inventory:

Hand Weapons
 i - a +0 club
 Y - a +2 war axe (weapon)
Missiles
 h - 4 boomerangs of dispersal (quivered)
Armour
 a - the +0 helmet "Yweath" (worn) {rN+ SInv}
   (You acquired it on level 1 of the Dungeon)

   rN:        It protects you from negative energy.
   SInv:      It lets you see invisible.
 b - a +0 scale mail (worn)
 c - a +0 buckler (worn)
Scrolls
 f - 3 scrolls of identify
 g - a scroll of teleportation {unknown}
Potions
 d - a potion of might
 e - a potion of curing {unknown}

Dungeon Overview and Level Annotations

Branches:
Dungeon (2/15)

Altars:

Annotations:
D:2 Natasha


Message History

The white imp shouts, "Away with thee, thou foisting bat-fowling malt-worm!"
The white imp closely misses you. Natasha claws you but does no damage.
The white imp hits you but does no damage.
You barely miss the white imp.
The white imp is moderately wounded.
You barely miss Natasha. Natasha claws you. The white imp misses you.
You closely miss the white imp.
The white imp is moderately wounded.
You hit Natasha. Natasha barely misses you. The white imp gestures at you.
The puff of frost hits you but does no damage.
Natasha wildly gestures.
Natasha glows brightly for a moment.
Natasha barely misses you.
You barely miss Natasha.
Natasha is moderately wounded.
You hit the white imp but do no damage. The white imp gestures at you.
The puff of frost hits you but does no damage.
Natasha barely misses you.
The white imp hits you but does no damage.
You barely miss Natasha.
Natasha is moderately wounded.
You closely miss the white imp. Natasha claws you but does no damage.
The white imp hits you but does no damage.
You barely miss Natasha.
Natasha is moderately wounded.
You barely miss the white imp. Natasha closely misses you.
The white imp hits you. The white imp freezes you.
Natasha claws you but does no damage.
You hit Natasha.
Natasha is severely wounded.
You hit the white imp. The white imp hits you. The white imp freezes you.
Natasha closely misses you. The white imp gestures at you.
The puff of frost hits you!
You die...

##########.#######
..........#......#
##########)# #.# #####
#.# #.# ..... #.# #.#
####. #.# #.#
#.....####<#####.#####.#
..##.........:...5$....#
..##..##########@h#####
.... #).# .... #..# ..##
#..# .... #..# ..## #..#
..# #..# ... #..#


You could see Natasha and a white imp (summoned).

Vanquished Creatures
  A worm (D:2)
  4 ball pythons
  3 endoplasms
  A giant cockroach (D:2)
  4 goblins
  6 hobgoblins
  3 jackals (D:1)
  5 kobolds
  3 quokkas (D:1)
  3 bats (D:1)
  2 frilled lizards (D:1)
  7 rats
42 creatures vanquished.

Notes
Turn   | Place    | Note
-------+----------+-------------------------------------------
     0 | D:1      | qw the Gargoyle Fighter began the quest for the Orb.
     0 | D:1      | Reached XP level 1. HP: 14/14 MP: 1/1
     0 | D:1      | 0 ||| qw: Version: 0.2-a-17-g06abaee
     0 | D:1      | 0 ||| qw: Game counter: 2187
     0 | D:1      | 0 ||| qw: Always use a shield: true
     0 | D:1      | 0 ||| qw: God list: Okawaru
     0 | D:1      | 0 ||| qw: Allow faded altars: false
     0 | D:1      | 0 ||| qw: Do Orc after D:15 true
     0 | D:1      | 0 ||| qw: Do second Lair branch before Depths: true
     0 | D:1      | 0 ||| qw: Lair rune preference: random
     0 | D:1      | 0 ||| qw: Plans: Normal, Zot:1-4, God:TSO, Crypt, Tomb,
                  | Pan, Slime:5, Hells, Abyss, Orb
     0 | D:1      | 0 ||| PLANNING D:1-11
   141 | D:1      | 141 ||| Stepping ~*~*~tactically~*~*~ (stealth).
   161 | D:1      | Reached XP level 2. HP: 19/19 MP: 2/2
   259 | D:1      | 259 ||| Stepping ~*~*~tactically~*~*~ (stealth).
   271 | D:1      | 271 ||| Stepping ~*~*~tactically~*~*~ (stealth).
   359 | D:1      | Reached skill level 3 in Axes
   572 | D:1      | Reached XP level 3. HP: 23/23 MP: 3/3
   713 | D:1      | 713 ||| UPGRADING to +0 helmet.
   718 | D:1      | 718 ||| READING scroll labelled SINNUD MUS.
   719 | D:1      | 719 ||| READING 4 scrolls labelled ZIALA CYTOVO.
   720 | D:1      | 720 ||| READING scroll labelled LEXZIH TIRR.
   721 | D:1      | 721 ||| READING scroll labelled BIWNEWN XAELU.
   721 | D:1      | Identified a scroll of acquirement
   721 | D:1      | 721 ||| ACQUIRING +0 helmet "Yweath" {rN+ SInv}
   721 | D:1      | Acquired the +0 helmet "Yweath" {rN+ SInv}
   723 | D:1      | 723 ||| UPGRADING to +0 helmet "Yweath" {rN+ SInv}.
   733 | D:1      | 733 ||| DROPPING +0 helmet.
   734 | D:1      | 734 ||| READING scroll labelled LEACAZ VIRYOPN.
   735 | D:1      | 735 ||| READING 3 scrolls of identify.
   735 | D:1      | 735 ||| IDENTIFYING bubbling grey potion
   736 | D:1      | 736 ||| DROPPING potion of flight.
   764 | D:2      | Found a faded altar of an unknown god.
  1020 | D:2      | 1020 ||| READING scroll of enchant weapon.
  1020 | D:2      | 1020 ||| ENCHANTING +1 war axe.
  1121 | D:2      | Noticed Natasha
  1134 | D:2      | HP: 2/23 [white imp[Natasha] (5)]
  1134 | D:2      | Killed from afar by a white imp

Levels and vault maps discovered:
D:1:      lemuel_arrival_behind_the_door_large, layout_basic, minmay_nonomino_d4
D:2:      layout_loops_ring, nicolae_ecumenical_pavilion,
          minmay_misc_feat_encased, kennysheep_minor_cross, uniq_natasha

Skill      XL: |  1  2 |
---------------+-------+-----
Axes           | 2 3 |  3.6
Fighting       | |  3.2
Armour         | |  3.2
Shields        | |  3.2

Action                   || total
-------------------------++-------
Melee: War axe           ||   117
  Use: Scroll            ||     7
Armor: Scale mail        ||    59
Dodge: Dodged            ||    62
Block: Buckler           ||    26

Table legend:
 A = Non-vault XP
 B = Vault XP
 C = Vault XP percentage of total XP
 D = Non-vault monster count
 E = Vault monster count
 F = Vault count percentage of total count
                 A         B        C        D         E       F
            +---------+---------+-------+---------+---------+-------
      Total |      62 |      10 |  13.9 |      35 |       7 |  16.7
            +---------+---------+-------+---------+---------+-------
        D:1 |      29 |      10 |  25.6 |      17 |       7 |  29.2
        D:2 |      33 |       0 |   0.0 |      18 |       0 |   0.0
            +---------+---------+-------+---------+---------+-------
